 Dungeon Crawl Stone Soup version 0.27-a0-1232-gc6a4cbde82 (webtiles) character file.

Game seed: 12947530423422216646

64 porpoise the Conjurer (level 3, -2/19 HPs)
             Began as a Deep Elf Conjurer on June 9, 2021.
             Killed by nerve-wracking pain
             ... invoked by an orc priest
              (14 damage)
             ... on level 2 of the Dungeon.
             The game lasted 00:02:44 (1220 turns).

porpoise the Conjurer (Deep Elf Conjurer)           Turns: 1220, Time: 00:02:45

Health: -2/19      AC:  2    Str:  4    XL:     3   Next: 91%
Magic:  9/11       EV: 12    Int: 23    God:
Gold:   55         SH:  0    Dex: 13    Spells: 8/11 levels left

rFire    . . .     SeeInvis .   a - +0 whip
rCold    . . .     Faith    .   (no shield)
rNeg     . . .     Spirit   .   c - +0 robe
rPois    .         Reflect  .   (no helmet)
rElec    .         Harm     .   (no cloak)
rCorr    .         Rampage  .   (no gloves)
Will     .....                  (no boots)
Stlth    ++........             (no amulet)
HPRegen  0.06/turn              (no ring)
MPRegen  0.12/turn              (no ring)

@: no status effects
A: no striking features
a: no special abilities


You were on level 2 of the Dungeon.
You visited 1 branch of the dungeon, and saw 2 of its levels.

You collected 55 gold pieces.

Inventory:

Hand Weapons
 a - a +0 whip (weapon)
Missiles
 e - 32 stones
 k - 21 arrows
Armour
 c - a +0 robe (worn)
Scrolls
 d - a scroll of enchant weapon {unknown}
 f - 2 scrolls of identify {unknown}
 g - a scroll of vulnerability {unknown}
 i - a scroll of silence {unknown}
Potions
 b - a potion of degeneration {unknown}
 h - 2 potions of curing {unknown}
 j - a potion of ambrosia {unknown}


   Skills:
 - Level 2.4 Dodging
 - Level 2.4 Stealth
 + Level 4.6 Spellcasting
 + Level 5.3 Conjurations


You had 8 spell levels left.
You knew the following spells:

 Your Spells              Type           Power      Damage    Failure   Level
a - Magic Dart            Conj           100%       1d8       1%          1
b - Searing Ray           Conj           58%        3d5       1%          2

Your spell library contained the following spells:

 Spells                   Type           Power      Damage    Failure   Level
 Dazzling Flash           Conj/Hex       34%        N/A       10%         3
 Fulminant Prism          Conj/Hex       8%         3d7       32%         4
 Iskenderun's Mystic Bla  Conj/Tloc      17%        2d5       32%         4


Dungeon Overview and Level Annotations

Branches:
Dungeon (2/15)

Altars:


Message History

Confirm with . or Enter, or press ? or * to list all spells.
Aiming: Magic Dart (safe; 1% risk of failure)
Press: ? - help, Shift-Dir - straight line, f - orc
Aim: an orc, wielding a +0 falchion (wandering, hasn't noticed you, 100% to hit)
The magic dart hits the orc.
The orc is lightly wounded.
The orc shouts!
Casting: Magic Dart (safe; 1% risk of failure)
Confirm with . or Enter, or press ? or * to list all spells.
Aiming: Magic Dart (safe; 1% risk of failure)
Press: ? - help, Shift-Dir - straight line, f/p - orc
Aim: an orc, wielding a +0 falchion (lightly wounded, 100% to hit)
The magic dart hits the orc!
You kill the orc!
You start resting.
Magic restored.
You start resting.
HP restored.
Things that are here:
a +0 falchion; a +0 leather armour; an orc corpse You see here a +0 flail.
The orc priest shouts!
You hear a shout!
The orc priest invokes the aid of Beogh against you.
Pain shoots through your body!
You see here a +0 falchion.
Casting: Magic Dart (safe; 1% risk of failure)
Confirm with . or Enter, or press ? or * to list all spells.
You can't see any susceptible monsters within range! (Use Z to cast anyway.)
You see here a +0 flail.
Casting: Magic Dart (safe; 1% risk of failure)
Confirm with . or Enter, or press ? or * to list all spells.
Aiming: Searing Ray (safe; 1% risk of failure)
Press: ? - help, Shift-Dir - straight line, f - orc priest
Aim: an orc priest, wielding a +0 hand axe and wearing a +0 leather armour (79% to hit)
The searing ray misses the orc priest. (Press . to maintain the ray.)
The orc priest mumbles some strange prayers to Beogh against you.
Pain shoots through your body!
Ouch! That really hurt!
You die... #......# . #.....# ...###.....# ......o....# .....#..#### ..# ...≈.#..# ..# .... #..# ... o.o. #.o############.# o.o

#.)).@)......##.#
#..#########.##.#
#..# ##.##.######
#..# #...........
#..# #..##†######
...# #..##.#<#
..).# #..##.#.#
##..# #..##.#.#
#..<..#.#


You could see an orc priest.

Vanquished Creatures
  An orc priest (D:2)
  An adder (D:2)
  A worm (D:2)
  A dart slug (D:1)
  2 orcs (D:2)
  2 endoplasms (D:1)
  A hobgoblin (D:1)
  2 kobolds
  A quokka (D:1)
  A ball python (D:2)
  A bat (D:1)
  4 frilled lizards (D:1)
  2 goblins (D:1)
  2 rats
22 creatures vanquished.

Notes
Turn   | Place    | Note
-------+----------+-------------------------------------------
     0 | D:1      | porpoise the Deep Elf Conjurer began the quest for the Orb.
     0 | D:1      | Reached XP level 1. HP: 10/10 MP: 6/6
   306 | D:1      | Reached XP level 2. HP: 15/15 MP: 5/8
   386 | D:1      | Learned a level 2 spell: Searing Ray
  1070 | D:2      | Reached skill level 5 in Conjurations
  1070 | D:2      | Reached XP level 3. HP: 19/19 MP: 6/10
  1220 | D:2      | Killed from afar by an orc priest

Illustrated notes

Levels and vault maps discovered:
D:1:      dpeg_arrival_short_road, layout_basic
D:2:      cheibrodos_pilgrimage, layout_basic

Skill      XL: |  1  2 |
---------------+-------+-----
Spellcasting   | 4 |  4.6
Conjurations   | 5 |  5.3
Dodging        | |  2.4
Stealth        | |  2.4

Action                   || total
-------------------------++-------
 Cast: Magic Dart        ||    21
       Searing Ray       ||     7

Table legend: (Time is in decaauts)
 A = Elapsed time spent in this place.
 B = Non-inter-level travel time spent in this place.
 C = Inter-level travel time spent in this place.
 D = Time resting spent in this place.
 E = Time spent auto-exploring this place.
 F = Levels seen in this place.
 G = Mean time per level.
                   A        B        C        D        E       F      G
               +--------+--------+--------+--------+--------+-----+--------+
         Total |   1219 |   1127 |     92 |    426 |    603 |   2 |  609.5 |
       Dungeon |   1219 |   1127 |     92 |    426 |    603 |   2 |  609.5 |
               +--------+--------+--------+--------+--------+-----+--------+

Top non-repeatable levels by time:
     D:1: 964 daAuts
     D:2: 254 daAuts
